[Event "Titled Tuesday Blitz April 25 Early 2023"]
[White "Tanmay Jain"]
[Black "Singh, Arvinder Preet"]
[WhiteFideId "45015481"]
[BlackFideId "5013240"]
[WhiteElo "2032"]
[BlackElo "2124"]
[Result "1-0"]
[Round "04"]
[TimeControl "180+2"]
[Date "2023.04.25"]
[WhiteClock "0:02:29"]
[BlackClock "0:02:29"]

1. e4 c5 2. Nf3 d6 3. g3 Nc6 4. Bg2 g6 5. d4 cxd4 6. Nxd4 Bg7 7. Be3 Nf6 8. h3 Bd7 9. O-O O-O 10. Nxc6 Bxc6 11. Nc3 a6 12. Qd2 Rc8 13. Rad1 Re8 14. Bd4 Qa5 15. a3 b5 16. Qe3 b4 17. Bb6 Qb5 18. Nxb5 Bxb5 19. Rfe1 1-0


[Site "https://www.chess.com"]

[Event "Titled Tuesday Blitz April 25 Early 2023"]
[White "Elaisaz"]
[Black "Jovic, Stanoje"]
[BlackFideId "905020"]
[WhiteElo "2218"]
[BlackElo "2236"]
[Result "0-1"]
[Round "04"]
[TimeControl "180+2"]
[Date "2023.04.25"]
[WhiteClock "0:00:01"]
[BlackClock "0:00:58"]

1. c4 e5 2. Nc3 Nf6 3. e4 Bc5 4. d3 Nc6 5. Be3 Bd4 6. Nf3 d6 7. Be2 a6 8. O-O O-O 9. Bg5 h6 10. Bxf6 Qxf6 11. Nd5 Qd8 12. Rb1 Be6 13. Ne3 g6 14. b4 b5 15. a4 Rb8 16. cxb5 axb5 17. Qc2 Ne7 18. a5 c5 19. Nxd4 exd4 20. Ng4 cxb4 21. Nxh6+ Kg7 22. Qd2 Qxa5 23. Bg4 Rh8 24. Bxe6 Rxh6 25. Bb3 Rc8 0-1


[Site "https://www.chess.com"]

[Event "Titled Tuesday Blitz April 25 Early 2023"]
[White "Sliwicki, Damian"]
[Black "Floresvillar Gonzalez, Luis Migu"]
[WhiteFideId "1127128"]
[BlackFideId "5100542"]
[WhiteElo "2030"]
[BlackElo "2040"]
[Result "1-0"]
[Round "04"]
[TimeControl "180+2"]
[Date "2023.04.25"]
[WhiteClock "0:00:21"]
[BlackClock "0:00:16"]

1. e4 c6 2. Nc3 d5 3. Qf3 Be6 4. exd5 cxd5 5. d4 Nc6 6. Bb5 Nf6 7. Nge2 Bg4 8. Qg3 e6 9. Bg5 Be7 10. Bxf6 Bxf6 11. Qxg4 Qb6 12. Bxc6+ bxc6 13. O-O Qxb2 14. Rfc1 O-O 15. Rab1 Qa3 16. Rb3 Qa5 17. h3 g6 18. Ng3 c5 19. Nce2 cxd4 20. Rf3 Bg7 21. Nxd4 Qd2 22. Nb3 Qh6 23. Rf1 a5 24. Nc5 Rfc8 25. Nd7 Rxc2 26. Nf6+ Bxf6 27. Rxf6 Qg7 28. Rf3 Rxa2 29. Qf4 f5 30. Nh5 Qf7 31. Qe5 gxh5 32. Rg3+ Kf8 33. Qh8+ Ke7 34. Qxa8 Kf6 35. Qh8+ Ke7 36. Rg7 1-0


[Site "https://www.chess.com"]

[Event "Titled Tuesday Blitz April 25 Early 2023"]
[White "Hajiyev, Kanan"]
[Black "Ciuffoletti, Paolo"]
[WhiteFideId "13404148"]
[BlackFideId "807630"]
[WhiteElo "2103"]
[BlackElo "2143"]
[Result "1-0"]
[Round "04"]
[TimeControl "180+2"]
[Date "2023.04.25"]
[WhiteClock "0:00:04"]
[BlackClock "0:00:01"]

1. d4 d5 2. c4 c6 3. cxd5 cxd5 4. Nc3 Nf6 5. Nf3 Nc6 6. Bg5 Ne4 7. Bf4 e6 8. Rc1 Nxc3 9. bxc3 Ba3 10. Rb1 O-O 11. Qb3 Bd6 12. Bg5 f6 13. Bh4 Na5 14. Qc2 Nc4 15. Qb3 Bd7 16. e4 Qa5 17. exd5 exd5 18. Bxc4 dxc4 19. Qxc4+ Kh8 20. O-O Rac8 21. Qe2 Rxc3 22. Rxb7 Bc6 23. Rb3 Rxb3 24. axb3 Qh5 25. Bg3 Re8 26. Qa6 Bxf3 27. Qxd6 Ba8 28. Qc7 Qe2 29. Qxa7 Qe4 30. f3 Qe3+ 31. Kh1 Qe2 32. Rg1 h5 33. h3 Bxf3 34. Qd7 Ba8 35. Qf7 1-0


[Site "https://www.chess.com"]

[Event "Titled Tuesday Blitz April 25 Early 2023"]
[White "Putri, Regita Desyari"]
[Black "Jaskolka, Tomasz"]
[WhiteFideId "7109083"]
[BlackFideId "1170791"]
[WhiteElo "1930"]
[BlackElo "2155"]
[Result "0-1"]
[Round "04"]
[TimeControl "180+2"]
[Date "2023.04.25"]
[WhiteClock "0:00:03"]
[BlackClock "0:00:05"]

1. d4 d5 2. c4 e5 3. dxe5 d4 4. Nf3 Nc6 5. a3 a5 6. g3 Nge7 7. Bg2 Ng6 8. O-O Ngxe5 9. Nxe5 Nxe5 10. Qc2 Be7 11. Bf4 Ng6 12. Nd2 Nxf4 13. gxf4 Qd6 14. e3 dxe3 15. fxe3 O-O 16. Nf3 Qb6 17. Nd4 Bf6 18. c5 Qa7 19. Rfd1 a4 20. Rac1 Bg4 21. Rd2 Rfe8 22. e4 Rad8 23. e5 Be7 24. h3 Bh5 25. Be4 h6 26. Qc4 Qa5 27. Rg2 Bf8 28. Nf5 Kh8 29. Qc3 Qxc3 30. Rxc3 f6 31. Ng3 Bf7 32. Bxb7 fxe5 33. f5 Bd5 34. Bxd5 Rxd5 35. Rgc2 e4 36. Kf2 Kg8 37. Ke2 Red8 38. Rc4 Rd3 39. Nxe4 Rxh3 40. Nf2 Rh5 41. Rf4 Rd5 42. Rxa4 Rhxf5 43. Rac4 Rxc5 44. Rxc5 Bxc5 45. Ne4 Bb6 46. b4 Rf4 47. Kd3 Rf3+ 48. Kc4 Rxa3 49. Kb5 h5 50. Nc5 g5 51. Nd7 Bd4 52. Rxc7 h4 53. Nc5 Bxc5 54. Rxc5 Rg3 55. Kc6 h3 56. b5 h2 57. Rc1 Rg1 58. Rc2 h1=Q+ 0-1


[Site "https://www.chess.com"]

[Event "Titled Tuesday Blitz April 25 Early 2023"]
[White "Namitbir Singh Walia"]
[Black "Tarnowska, Aleksandra"]
[WhiteFideId "35071068"]
[BlackFideId "1180967"]
[WhiteElo "2239"]
[BlackElo "1776"]
[Result "1-0"]
[Round "04"]
[TimeControl "180+2"]
[Date "2023.04.25"]
[WhiteClock "0:00:18"]
[BlackClock "0:00:02"]

1. e4 c5 2. Nf3 e6 3. d4 cxd4 4. Nxd4 a6 5. c4 Qc7 6. Nc3 Nf6 7. a3 Nc6 8. Be3 Ne5 9. Rc1 Be7 10. Be2 h5 11. h3 d6 12. O-O b6 13. f4 Ng6 14. b4 Bb7 15. Qd3 Rd8 16. Bf3 Qb8 17. Na4 Ba8 18. Nb3 d5 19. cxd5 exd5 20. e5 Ne4 21. Nxb6 Ng3 22. Rfd1 O-O 23. Nxa8 Qxa8 24. Bxd5 Qb8 25. Qxg6 Ne2+ 26. Kf2 Nxc1 27. Qxh5 Nxb3 28. Bxb3 Rxd1 29. Bxd1 Qd8 30. Be2 Qc8 31. Bd3 g6 32. Qe2 Rd8 33. Bxa6 Qc3 34. e6 fxe6 35. Bc4 Rd6 36. Bc5 Rd7 37. Bxe6+ Kf8 38. Bxd7 Bxc5+ 39. bxc5 Qxc5+ 40. Qe3 Qc2+ 41. Kg3 Qc7 42. Qe8+ Kg7 43. Qe7+ Kh6 44. Qf8+ Kh7 45. Qf7+ Kh6 46. Qf8+ Kh7 47. Bg4 Qc3+ 48. Bf3 Qe1+ 49. Kh2 Qe6 50. Qb4 Qf5 51. Qb7+ Kh6 52. Qe4 Qf6 53. Qe5 Qa6 54. Be4 Qxa3 55. Qh8# 1-0


[Site "https://www.chess.com"]

[Event "Titled Tuesday Blitz April 25 Early 2023"]
[White "Estrada Nieto, Julian"]
[Black "GregLeBarbare"]
[WhiteFideId "5101018"]
[WhiteElo "2161"]
[BlackElo "2169"]
[Result "1-0"]
[Round "04"]
[TimeControl "180+2"]
[Date "2023.04.25"]
[WhiteClock "0:00:58"]
[BlackClock "0:00:32"]

1. e4 e6 2. d4 d5 3. Nd2 Nf6 4. e5 Nfd7 5. Bd3 c5 6. c3 Nc6 7. Ne2 cxd4 8. cxd4 f6 9. exf6 Qxf6 10. Nf3 h6 11. O-O Bd6 12. Be3 O-O 13. h3 Rd8 14. Nh2 Nf8 15. Ng4 Qf7 16. Bxh6 e5 17. dxe5 Bxg4 18. hxg4 Nxe5 19. Bg5 Nxg4 20. Ng3 Nf6 21. Nf5 Bc7 22. Qf3 Rac8 23. Rac1 Bb8 24. Rxc8 Rxc8 25. Qh3 Rc6 26. Re1 Ne4 27. Bxe4 dxe4 28. Ne7+ 1-0


[Site "https://www.chess.com"]

[Event "Titled Tuesday Blitz April 25 Early 2023"]
[White "Jaivardhan Raj"]
[Black "HamedWafa4"]
[WhiteFideId "25744437"]
[WhiteElo "1772"]
[BlackElo "2456"]
[Result "0-1"]
[Round "04"]
[TimeControl "180+2"]
[Date "2023.04.25"]
[WhiteClock "0:00:07"]
[BlackClock "0:00:57"]

1. e4 e5 2. d4 exd4 3. Qxd4 Nc6 4. Qe3 Nf6 5. Nc3 Bb4 6. Bd2 O-O 7. O-O-O Re8 8. f3 d5 9. Qf2 dxe4 10. Bg5 Bd7 11. Nd5 Be7 12. Bxf6 Bxf6 13. fxe4 Bg5+ 14. Kb1 Ne5 15. h4 Bh6 16. Nf3 Ng4 17. Qg3 Rc8 18. Nc3 Qe7 19. Bd3 Be6 20. Nd4 c6 21. Nxe6 Qxe6 22. Be2 Ne5 23. Qf2 b5 24. g4 b4 25. Na4 Nxg4 26. Qg3 Ne3 27. Rd6 Qxe4 28. Rc1 Nf5 29. Qd3 Nxd6 30. Qxd6 Qxe2 31. Rg1 Rcd8 32. Qg3 Rd1+ 33. Rxd1 Qxd1# 0-1


[Site "https://www.chess.com"]

[Event "Titled Tuesday Blitz April 25 Early 2023"]
[White "Melikhov, Evgeny V."]
[Black "Christensen, Thomas"]
[WhiteFideId "4122046"]
[BlackFideId "1403532"]
[WhiteElo "2158"]
[BlackElo "2177"]
[Result "1/2-1/2"]
[Round "04"]
[TimeControl "180+2"]
[Date "2023.04.25"]
[WhiteClock "0:00:07"]
[BlackClock "0:00:10"]

1. d4 Nc6 2. d5 Ne5 3. f4 Ng6 4. Nc3 e5 5. dxe6 fxe6 6. e4 Bc5 7. Nf3 Nh6 8. Bd3 Ng4 9. Qe2 Bf2+ 10. Kf1 Bb6 11. h4 O-O 12. g3 Nf2 13. Rh2 Nxd3 14. cxd3 Qf6 15. Kg2 d6 16. h5 Ne7 17. Na4 Nc6 18. Nxb6 axb6 19. a3 Nd4 20. Nxd4 Qxd4 21. Be3 Qa4 22. Rc1 c5 23. h6 g6 24. Bd2 e5 25. Bc3 exf4 26. gxf4 Rxf4 27. Rf1 Rg4+ 28. Kh1 Be6 29. Rhf2 Rh4+ 30. Kg1 Rg4+ 31. Kh2 Rh4+ 32. Kg1 Rg4+ 33. Rg2 Rxg2+ 34. Kxg2 Qd7 35. Qf3 Qf7 36. Qg3 Qe7 37. Qf4 Rf8 38. Qxf8+ Qxf8 39. Rxf8+ Kxf8 40. Kf3 Kf7 41. Kf4 Bb3 42. Kg5 Ke6 43. Kf4 b5 44. Kg5 Bc2 45. d4 cxd4 46. Bxd4 Bxe4 47. Kf4 Bc2 48. Bg7 Kd5 49. Kg5 Ke4 50. Kf6 d5 51. Bf8 g5 52. Kxg5 d4 53. Bb4 Ke3 54. Bc5 Ke4 55. Kg4 Bd1+ 56. Kg3 Bf3 57. Kf2 Bh5 58. Ke1 Kd3 59. Bb6 Kc2 60. Bxd4 Kb3 61. Bc3 Bg6 62. Kd2 Bb1 63. Ke3 Bg6 64. Kd4 Ka4 65. Kc5 Bc2 66. Kb6 Be4 67. Kc7 Bc6 68. Kd6 Kb3 69. Ke5 Ka4 70. Kf5 Kb3 71. Kf6 Be4 72. Ke5 Bc6 73. Kf5 Ka4 74. Ke5 Kb3 75. Kf5 Ka4 76. Ke5 Kb3 1/2-1/2


[Site "https://www.chess.com"]

[Event "Titled Tuesday Blitz April 25 Early 2023"]
[White "Jimenez Jimenez, Leandro"]
[Black "Hartikainen, Jarmo"]
[WhiteFideId "6415253"]
[BlackFideId "503134"]
[WhiteElo "2263"]
[BlackElo "2151"]
[Result "1-0"]
[Round "04"]
[TimeControl "180+2"]
[Date "2023.04.25"]
[WhiteClock "0:00:12"]
[BlackClock "0:00:05"]

1. d4 Nf6 2. c3 d5 3. Nf3 Bf5 4. Bf4 e6 5. e3 Bd6 6. Nbd2 Nbd7 7. Be2 Ne4 8. Ne5 f6 9. Nxd7 Qxd7 10. Bg3 Bg6 11. Nxe4 Bxe4 12. f3 Bg6 13. Bd3 O-O-O 14. Qc2 Bxd3 15. Qxd3 h5 16. O-O-O h4 17. Bf2 h3 18. g3 Kb8 19. Kb1 c5 20. dxc5 Bxc5 21. Rhe1 Qc7 22. Re2 e5 23. Qf5 Qd7 24. Qxd7 Rxd7 25. Red2 Rhd8 26. c4 d4 27. exd4 exd4 28. Re1 Bb4 29. Kc2 Bxd2 30. Kxd2 b6 31. Kd3 Kb7 32. Re4 Kc6 33. Rh4 Re8 34. Rxh3 Rde7 35. Rh7 Re2 36. Bxd4 a5 37. a4 Rg2 38. Rxg7 Rxh2 39. Bxf6 Rf2 40. f4 Rf3+ 41. Kc2 Kc5 42. Rc7+ Kb4 43. Bc3+ Kxa4 44. Rb7 Rf2+ 45. Kd1 Rf1+ 46. Kd2 Rf2+ 47. Kd3 Rf3+ 48. Kd4 Rxg3 49. Rxb6 Rf3 50. Ra6 Rxf4+ 51. Kd5 Rf5+ 52. Kd4 Rf4+ 53. Kd3 Rf3+ 54. Kc2 Rf2+ 55. Bd2 Rxd2+ 56. Kxd2 Kb3 57. Rxa5 Kxc4 58. Kc2 Re2+ 59. Kb1 Rh2 60. Ra3 Kb4 61. Ka2 Rg2 62. Rh3 Rf2 63. Rh4+ Kb5 64. Ka3 Rf3+ 65. b3 Rg3 66. Rh5+ Kb6 67. Kb4 Rg4+ 68. Ka3 Rf4 69. Rh6+ Kb5 70. Rh5+ Kb6 71. b4 Rf3+ 72. Ka4 Rf4 73. Rh6+ Kb7 74. Ka5 Rf5+ 75. b5 Rg5 76. Rh7+ Kb8 77. Ka6 1-0


[Site "https://www.chess.com"]

[Event "Titled Tuesday Blitz April 25 Early 2023"]
[White "Bochnicka, Vladimir"]
[Black "Butolo, Alexandru-Mircea"]
[WhiteFideId "14943450"]
[BlackFideId "1261649"]
[WhiteElo "2094"]
[BlackElo "1861"]
[Result "1-0"]
[Round "04"]
[TimeControl "180+2"]
[Date "2023.04.25"]
[WhiteClock "0:01:24"]
[BlackClock "0:01:19"]

1. e4 c5 2. Nf3 d6 3. d4 cxd4 4. Nxd4 Nf6 5. Nc3 a6 6. f3 e5 7. Nb3 Be6 8. Be3 h5 9. Qd2 Nbd7 10. O-O-O Rc8 11. Kb1 Be7 12. Nd5 Nxd5 13. exd5 Bf5 14. Bd3 Bxd3 15. Qxd3 b5 16. Rhe1 O-O 17. g4 hxg4 18. Rg1 e4 19. Qxe4 gxf3 20. Rxg7+ Kxg7 21. Rg1+ Kh8 22. Bd4+ Ne5 23. Bxe5+ dxe5 24. Qxe5+ 1-0


[Site "https://www.chess.com"]

[Event "Titled Tuesday Blitz April 25 Early 2023"]
[White "Kielinkei"]
[Black "Prado, Alexandra"]
[BlackFideId "3301346"]
[WhiteElo "2429"]
[BlackElo "1759"]
[Result "1-0"]
[Round "04"]
[TimeControl "180+2"]
[Date "2023.04.25"]
[WhiteClock "0:00:34"]
[BlackClock "0:00:01"]

1. d4 Nf6 2. c4 g6 3. Nc3 Bg7 4. e4 d6 5. Be2 O-O 6. Be3 Nc6 7. d5 Ne5 8. h3 c5 9. f4 Ned7 10. Nf3 a6 11. O-O Rb8 12. a4 b6 13. Qd2 Qc7 14. Rae1 Re8 15. Bd3 Nf8 16. Bf2 e6 17. Bh4 exd5 18. exd5 Bd7 19. b3 Nh5 20. Ne4 Bf5 21. g4 Bxe4 22. Bxe4 Nf6 23. Bc2 Qd7 24. Bd3 h5 25. g5 N6h7 26. Kg2 Qc7 27. Qc2 Qd7 28. f5 Rxe1 29. Rxe1 Re8 30. f6 Bh8 31. Qd2 Rxe1 32. Qxe1 1-0


[Site "https://www.chess.com"]

[Event "Titled Tuesday Blitz April 25 Early 2023"]
[White "TigranHH"]
[Black "Salman, Pavel"]
[BlackFideId "24153753"]
[WhiteElo "2323"]
[BlackElo "2187"]
[Result "0-1"]
[Round "04"]
[TimeControl "180+2"]
[Date "2023.04.25"]
[WhiteClock "0:00:05"]
[BlackClock "0:00:34"]

1. d4 g6 2. c4 Bg7 3. Nc3 Nf6 4. e4 d6 5. Nf3 O-O 6. Be2 Nbd7 7. O-O c5 8. d5 a6 9. a4 Rb8 10. h3 Ne5 11. Bf4 Nfd7 12. Nd2 f5 13. exf5 gxf5 14. Re1 Ng6 15. Bh2 Nde5 16. Nf3 f4 17. Qd2 Kh8 18. Ra3 Bh6 19. Ne4 Bf5 20. Neg5 Nxf3+ 21. Nxf3 Rg8 22. Kh1 Qd7 23. Bf1 Rbf8 24. a5 Rg7 25. Rb3 Rfg8 26. Qc3 Nf8 27. Rb6 Qc8 28. Nh4 Bg6 29. f3 Nd7 30. Rxe7 Nxb6 31. axb6 Bg5 32. Nxg6+ hxg6 33. Re6 Kh7 34. Bd3 Re8 35. Qe1 Rxe6 36. dxe6 Re7 37. h4 Rxe6 38. Qf2 Bh6 39. Be4 Qd8 40. Bd5 Re8 41. Qc2 Qxh4 0-1


[Site "https://www.chess.com"]

[Event "Titled Tuesday Blitz April 25 Early 2023"]
[White "Pavlidis, Anastasios"]
[Black "Kuzmin, Roman"]
[WhiteFideId "4208404"]
[BlackFideId "44134932"]
[WhiteElo "2210"]
[BlackElo "2192"]
[Result "0-1"]
[Round "04"]
[TimeControl "180+2"]
[Date "2023.04.25"]
[WhiteClock "0:00:20"]
[BlackClock "0:00:15"]

1. e4 c5 2. Nf3 d6 3. Bb5+ Bd7 4. Bxd7+ Qxd7 5. c4 Nc6 6. O-O Nf6 7. Re1 g6 8. d4 cxd4 9. Nxd4 Bg7 10. Nc3 O-O 11. h3 Rac8 12. Nxc6 Qxc6 13. Nd5 Nxd5 14. cxd5 Qc2 15. Qf3 Rc7 16. h4 Rfc8 17. h5 Bxb2 18. Bxb2 Qxb2 19. hxg6 hxg6 20. Rab1 Qxa2 21. e5 Rc3 22. Qg4 Qxd5 23. e6 R8c7 24. Rbd1 Qf5 25. exf7+ Kxf7 26. Qh4 Qf6 27. Qh7+ Qg7 28. Qh4 R3c5 29. Rd3 Rf5 30. g4 Rf4 31. Qg5 Qf6 32. Qd5+ Kg7 33. Qg2 e5 34. g5 Qe6 35. Qh2 Rg4+ 36. Rg3 Rxg3+ 37. fxg3 Kg8 38. Rf1 Rf7 39. Rxf7 Qxf7 40. Qc2 Qf5 41. Qd2 Qe6 42. Qb4 Qd7 43. Kh2 d5 44. Qc5 b6 45. Qc3 d4 46. Qb3+ Kg7 47. Qf3 d3 48. Qf6+ Kh7 49. Qxe5 d2 50. g4 d1=Q 51. Qg3 Q1d6 52. Qxd6 Qxd6+ 53. Kh3 Qd3+ 54. Kh4 Qd5 55. Kg3 b5 56. Kh4 b4 57. Kg3 b3 58. Kh4 b2 59. Kg3 b1=Q 60. Kh4 Qbb5 61. Kg3 a5 62. Kh4 a4 0-1


[Site "https://www.chess.com"]

[Event "Titled Tuesday Blitz April 25 Early 2023"]
[White "Belov, Alexei"]
[Black "Sohier, Julien"]
[WhiteFideId "4128206"]
[BlackFideId "645346"]
[WhiteElo "2496"]
[BlackElo "2209"]
[Result "1-0"]
[Round "04"]
[TimeControl "180+2"]
[Date "2023.04.25"]
[WhiteClock "0:00:09"]
[BlackClock "0:00:10"]

1. e4 e5 2. Nf3 Nc6 3. Bb5 a6 4. Ba4 Nf6 5. d4 Nxe4 6. dxe5 Nc5 7. Bxc6 dxc6 8. Qe2 Be7 9. O-O Bg4 10. Qe3 Qd7 11. Nc3 O-O 12. Nd4 Ne6 13. Nxe6 Bxe6 14. Rd1 Qe8 15. Qg3 Kh8 16. Be3 Rd8 17. Bg5 Rxd1+ 18. Rxd1 Bf5 19. Rd2 Bb4 20. Rd8 Qe6 21. Rxf8+ Bxf8 22. Qe3 h6 23. Bf4 Bxc2 24. Qd2 Bf5 25. Qd8 Qe7 26. Qa8 b5 27. Qxc6 Qb4 28. Qe8 Kg8 29. Bc1 Qd4 30. h3 b4 31. Be3 Qd3 32. Na4 Qd7 33. Qb8 Qc8 34. Qxc8 Bxc8 35. Bc5 Be6 36. Bxf8 Kxf8 37. Nc5 Bxa2 38. Nxa6 b3 39. Nxc7 Ke7 40. Nb5 Ke6 41. f4 Kf5 42. g3 h5 43. Nd6+ Ke6 44. Kf2 f6 45. Nc4 fxe5 46. Nxe5 g5 47. Ke3 gxf4+ 48. gxf4 Kf5 49. Nf3 Bb1 50. Nd4+ Kf6 51. Nxb3 h4 52. Nd4 1-0


[Site "https://www.chess.com"]

[Event "Titled Tuesday Blitz April 25 Early 2023"]
[White "Degenbaev, Aziz"]
[Black "Harris, Ian"]
[WhiteFideId "13802640"]
[BlackFideId "2020092"]
[WhiteElo "2152"]
[BlackElo "2307"]
[Result "1-0"]
[Round "04"]
[TimeControl "180+2"]
[Date "2023.04.25"]
[WhiteClock "0:01:14"]
[BlackClock "0:00:16"]

1. e4 e5 2. Nf3 Nc6 3. d4 exd4 4. Nxd4 Qf6 5. Nf3 Bc5 6. Nc3 Nge7 7. Bg5 Qg6 8. Bd3 O-O 9. O-O d6 10. Nd5 Re8 11. Nxc7 Bg4 12. e5 Qh5 13. Bxe7 Rxe7 14. Nxa8 Nxe5 15. Be4 d5 16. Qxd5 Bd6 17. Qxd6 1-0


[Site "https://www.chess.com"]

[Event "Titled Tuesday Blitz April 25 Early 2023"]
[White "Erzhanov, Arman"]
[Black "Kohler, Aran"]
[WhiteFideId "4138821"]
[BlackFideId "1002856"]
[WhiteElo "2138"]
[BlackElo "2298"]
[Result "1-0"]
[Round "04"]
[TimeControl "180+2"]
[Date "2023.04.25"]
[WhiteClock "0:01:57"]
[BlackClock "0:01:26"]

1. e4 c5 2. Nf3 a6 3. c4 Nc6 4. Nc3 Nd4 5. Nxd4 cxd4 6. Ne2 e5 7. d3 Bb4+ 8. Bd2 Qa5 9. a3 Bxd2+ 10. Qxd2 Qxd2+ 11. Kxd2 d6 12. b4 Nf6 13. h3 O-O 14. f4 Nd7 15. f5 b5 16. Nc1 Nb6 17. cxb5 axb5 18. Nb3 Na4 19. Be2 Nc3 20. Rhc1 Bb7 21. Na5 Rxa5 22. bxa5 Ra8 23. Rxc3 dxc3+ 24. Kxc3 Rxa5 25. Kb4 Ra8 26. Kxb5 Kf8 27. Kb6 Ba6 28. a4 Ke7 29. a5 Kd7 30. Rc1 Bc8 31. Rc7+ Kd8 32. Rxf7 Ra6+ 33. Kb5 Ra8 34. Rxg7 Bd7+ 35. Kb6 Rb8+ 36. Ka7 Rb2 37. Bh5 Rb5 38. a6 Kc8 39. f6 1-0


[Site "https://www.chess.com"]

[Event "Titled Tuesday Blitz April 25 Early 2023"]
[White "Yurasova, Daria"]
[Black "Prieto Aranguren, Alain"]
[WhiteFideId "34146919"]
[BlackFideId "2268906"]
[WhiteElo "2134"]
[BlackElo "2209"]
[Result "1-0"]
[Round "04"]
[TimeControl "180+2"]
[Date "2023.04.25"]
[WhiteClock "0:00:04"]
[BlackClock "0:00:01"]

1. d4 d5 2. Nf3 c6 3. Bf4 e6 4. Nbd2 Bd6 5. Bg3 Nf6 6. e3 O-O 7. Bd3 c5 8. c3 Nc6 9. O-O Bxg3 10. hxg3 b6 11. Qe2 Bb7 12. Rfd1 Rc8 13. Rac1 Qe7 14. Bb1 Rfd8 15. a4 e5 16. dxe5 Nxe5 17. Nxe5 Qxe5 18. Nf3 Qe7 19. a5 Ne4 20. Nd2 f5 21. Nxe4 fxe4 22. Ba2 Rd6 23. Qg4 Rf8 24. Rd2 Rg6 25. Qe2 Rf5 26. Rcd1 Qf7 27. c4 Rh6 28. g4 Rg5 29. cxd5 Rh4 30. d6 Qxa2 31. d7 h6 32. d8=Q+ Kh7 33. Rd7 Rhxg4 34. Qxg5 Rxg5 35. Rxb7 Qe6 36. axb6 axb6 37. Rdd7 Qf6 38. Qd2 Qf5 39. Qc3 1-0


[Site "https://www.chess.com"]

[Event "Titled Tuesday Blitz April 25 Early 2023"]
[White "Bogaudinov, Rushan"]
[Black "Fernandez Siles, Luis"]
[WhiteFideId "4129288"]
[BlackFideId "2209420"]
[WhiteElo "1967"]
[BlackElo "2195"]
[Result "0-1"]
[Round "04"]
[TimeControl "180+2"]
[Date "2023.04.25"]
[WhiteClock "0:00:18"]
[BlackClock "0:00:19"]

1. a3 g6 2. h4 h5 3. d4 Bg7 4. e4 d5 5. exd5 Nf6 6. c4 c6 7. dxc6 Nxc6 8. d5 Ne5 9. Nc3 O-O 10. Be2 Bg4 11. b3 Qa5 12. Bd2 Nd3+ 13. Kf1 Ne5 14. Nb5 Qd8 15. f3 Bd7 16. a4 a6 17. Nc3 b5 18. a5 bxc4 19. bxc4 Rc8 20. Qb3 Bf5 21. Nh3 Nfd7 22. Nf4 Nc5 23. Qb6 Qd7 24. Re1 Rb8 25. Na4 Rxb6 26. Nxb6 Qc7 27. Rg1 Ned3 28. g4 Nxf4 29. gxf5 Nxe2 30. Rxe2 Kh7 31. Bg5 Nd3 32. Bxe7 Re8 33. d6 Qc6 34. f6 Qxf3+ 35. Rf2 Qxf2# 0-1


[Site "https://www.chess.com"]

[Event "Titled Tuesday Blitz April 25 Early 2023"]
[White "Ramirez, Maria Eugenia"]
[Black "Bas Mas, Jose Joaquin"]
[WhiteFideId "3301680"]
[BlackFideId "22219064"]
[WhiteElo "1842"]
[BlackElo "2233"]
[Result "0-1"]
[Round "04"]
[TimeControl "180+2"]
[Date "2023.04.25"]
[WhiteClock "0:00:02"]
[BlackClock "0:00:16"]

1. e4 e6 2. d4 d5 3. exd5 exd5 4. c4 Nf6 5. Nf3 Bb4+ 6. Nc3 O-O 7. Be2 dxc4 8. Bxc4 Bg4 9. Be3 Nc6 10. O-O Re8 11. a3 Bd6 12. h3 Bh5 13. Nb5 a6 14. Nxd6 Qxd6 15. Be2 Nd5 16. Qb3 b5 17. Rac1 Nce7 18. Rfe1 Nf5 19. Ne5 Bxe2 20. Rxe2 c5 21. g4 c4 22. Qc2 Nfxe3 23. fxe3 f6 24. e4 Nf4 25. Nf3 Nxe2+ 26. Qxe2 Qg3+ 27. Qg2 Qxg2+ 28. Kxg2 Rxe4 29. Kf2 Rd8 30. Rc2 Kf7 31. a4 Re7 32. axb5 axb5 33. g5 Ra7 34. gxf6 gxf6 35. Ke3 Ra2 36. Kf4 Rc8 37. Nh4 c3 38. Nf5 Rxb2 39. Rc1 Rc4 40. Nd6+ Ke6 41. Nxc4 bxc4 42. Rxc3 Kd5 43. Rg3 Kxd4 44. Kf5 Rf2+ 45. Kg4 c3 46. Rg1 c2 0-1


[Site "https://www.chess.com"]

[Event "Titled Tuesday Blitz April 25 Early 2023"]
[White "Tymrakiewicz, Rafal"]
[Black "Kuchava, Ana"]
[WhiteFideId "1108832"]
[BlackFideId "13605348"]
[WhiteElo "2151"]
[BlackElo "2001"]
[Result "1-0"]
[Round "04"]
[TimeControl "180+2"]
[Date "2023.04.25"]
[WhiteClock "0:00:18"]
[BlackClock "0:00:02"]

1. d4 d5 2. Bg5 Nf6 3. e3 Bf5 4. c4 c6 5. Nc3 e6 6. Nf3 h6 7. Bxf6 Qxf6 8. Qb3 Qe7 9. Rc1 Bg4 10. Ne5 Bf5 11. Be2 f6 12. Nf3 Qd7 13. O-O Bd6 14. Nd2 O-O 15. e4 dxe4 16. Ndxe4 Bc7 17. Rcd1 Kh7 18. g3 Bb6 19. c5 Bd8 20. Nd6 b6 21. Nxf5 exf5 22. d5 bxc5 23. dxc6 Qxc6 24. Nb5 Qb6 25. Qd5 Nc6 26. Qxf5+ Kh8 27. Bd3 Kg8 28. Nd6 1-0


[Site "https://www.chess.com"]

[Event "Titled Tuesday Blitz April 25 Early 2023"]
[White "Psakhis, Lev"]
[Black "Travadon, Loic"]
[WhiteFideId "2800012"]
[BlackFideId "26092131"]
[WhiteElo "2148"]
[BlackElo "2405"]
[Result "1-0"]
[Round "04"]
[TimeControl "180+2"]
[Date "2023.04.25"]
[WhiteClock "0:00:47"]
[BlackClock "0:00:33"]

1. c4 e5 2. Nc3 Nc6 3. g3 Bc5 4. Bg2 d6 5. e3 a6 6. Nge2 Ba7 7. d4 h5 8. h3 h4 9. g4 f5 10. gxf5 Bxf5 11. d5 Nce7 12. b3 Nf6 13. Bb2 g5 14. Qd2 g4 15. hxg4 Bxg4 16. Ne4 Nxe4 17. Bxe4 Qd7 18. O-O-O O-O-O 19. Rdg1 Rdg8 20. Nc3 Nf5 21. Qd3 Ne7 22. f3 Bf5 23. Rxg8+ Rxg8 24. Rxh4 Rg1+ 25. Kd2 Bxe4 26. Rh8+ Ng8 27. Nxe4 Rg2+ 28. Kc3 Qg7 29. Rh4 a5 30. a3 Rg1 31. b4 Re1 32. c5 axb4+ 33. axb4 Qg1 34. Rg4 Rc1+ 35. Kb3 dxc5 36. Rxg1 c4+ 37. Qxc4 Rxc4 38. Rxg8+ 1-0


[Site "https://www.chess.com"]

[Event "Titled Tuesday Blitz April 25 Early 2023"]
[White "Barria Santos, Jose Guilherme"]
[Black "Tarasova, Viktoriya"]
[WhiteFideId "1939300"]
[BlackFideId "4175840"]
[WhiteElo "2266"]
[BlackElo "2182"]
[Result "0-1"]
[Round "04"]
[TimeControl "180+2"]
[Date "2023.04.25"]
[WhiteClock "0:00:42"]
[BlackClock "0:00:52"]

1. e4 e5 2. Nf3 Nc6 3. Bb5 Nf6 4. d3 Bc5 5. O-O Nd4 6. Nxd4 Bxd4 7. c3 Bb6 8. Bg5 h6 9. Bh4 c6 10. Ba4 O-O 11. Re1 Bc7 12. Nd2 d6 13. h3 Be6 14. Nf3 b5 15. Bb3 Qe7 16. Qe2 a5 17. d4 a4 18. Bxe6 Qxe6 19. d5 cxd5 20. Bxf6 Qxf6 21. exd5 Rab8 22. Nd2 Qe7 23. c4 bxc4 24. Nxc4 f5 25. Rac1 Qf7 26. Red1 e4 27. Ne3 Bb6 28. Nc2 Bc5 29. Nd4 Qxd5 30. Nb5 Qxa2 31. Nxd6 Bxd6 32. Rxd6 Rxb2 33. Qf1 Rfb8 34. Rdc6 Kh7 35. Qc4 Qxc4 36. R6xc4 a3 37. Ra4 a2 0-1


[Site "https://www.chess.com"]

[Event "Titled Tuesday Blitz April 25 Early 2023"]
[White "Rudzinska, Michalina"]
[Black "Semenova, Alina"]
[WhiteFideId "1172883"]
[BlackFideId "24113875"]
[WhiteElo "2219"]
[BlackElo "1833"]
[Result "1-0"]
[Round "04"]
[TimeControl "180+2"]
[Date "2023.04.25"]
[WhiteClock "0:02:09"]
[BlackClock "0:01:11"]

1. e4 e6 2. d4 d5 3. Nd2 c5 4. exd5 Qxd5 5. Ngf3 cxd4 6. Bc4 Qd8 7. O-O Nc6 8. Nb3 Nf6 9. Nbxd4 Nxd4 10. Nxd4 Bc5 11. Nb3 Qxd1 12. Rxd1 Bb6 13. a4 a5 14. Bg5 Ne4 15. Bb5+ Kf8 16. Bd8 Bxf2+ 17. Kf1 Bc5 18. Nxc5 Nxc5 19. Bb6 Ne4 20. Rd8+ Ke7 21. Rxh8 h6 22. Rd1 Kf6 23. Rdd8 1-0


[Site "https://www.chess.com"]